 Dungeon Crawl Stone Soup version 0.31.0-11-ge490571c62 (webtiles) character file.

Game seed: 7866979519158141829

7386 solopath the Grappler (level 10, -4/79 HPs)
             Began as a Demonspawn Shapeshifter on Feb 2, 2024.
             Slain by Snorg (25 damage)
             ... on level 10 of the Dungeon.
             The game lasted 00:09:12 (9766 turns).

solopath the Grappler (Demonspawn Shapeshifter)     Turns: 9766, Time: 00:09:13

Health: -4/79      AC:  6    Str: 19    XL:     10   Next: 92%
Magic:  11/11      EV: 13    Int: 10    God:
Gold:   540        SH:  0    Dex: 13    Spells: 9/9 levels left

rFire   . .          .
                       - Unarmed
rCold   . . .        (no shield)
rNeg    . . .        a - +1 animal skin
rPois   .            (helmet currently unavailable)
rElec   .            (cloak currently unavailable)
rCorr   .            (gloves currently unavailable)
SInv    .            (boots currently unavailable)
Will    +....        (no amulet)
Stlth   +            (no ring)
HPRegen 0.33/turn    (no ring)
MPRegen 0.12/turn

%: no passive effects
@: mighty, beast-form, enlightened, flying (expiring), hasted, very quick
A: beast (slay +4), claws 1, yellow scales 2, ignite blood 1, spiny 2, antennae
1, high MP 1
a: Begin Untransformation


You were on level 10 of the Dungeon.
You were a hulking beast.
You visited 2 branches of the dungeon, and saw 11 of its levels.
You also visited: Sewer.

You collected 540 gold pieces.

Inventory:

Missiles
 q - a throwing net
 E - 6 javelins (quivered)
Armour
 a - a +1 animal skin (worn)
 z - +0 steam dragon scales
Jewellery
 i - an amulet of magic regeneration
 k - a ring of magical power
 G - an amulet of regeneration
Talismans
 c - a beast talisman
 d - a flux talisman
 s - a storm talisman
Wands
 w - a wand of flame (9)
 C - a wand of iceblast (8)
 I - a wand of charming (5)
Scrolls
 e - a scroll of silence
 f - a scroll of poison
 g - 4 scrolls of identify
 l - 2 scrolls of teleportation
 m - 2 scrolls of enchant armour
 r - a scroll of fear
 u - 2 scrolls of fog
 x - a scroll of blinking
 y - 3 scrolls of torment
 J - a scroll of brand weapon
Potions
 b - 3 potions of lignification
 h - 3 potions of curing
 n - 3 potions of cancellation
 o - 2 potions of invisibility
 p - a potion of attraction
 t - a potion of brilliance
 B - a potion of might
 D - a potion of ambrosia
 F - a potion of mutation
 H - a potion of heal wounds {unknown}
Miscellaneous
 v - a box of beasts


   Skills:
 - Level 7.1 Fighting
 + Level 4.5 Dodging
 * Level 11.3 Unarmed Combat
 + Level 7.6 Shapeshifting


You had 9 spell levels left.
You didn't know any spells.
Your spell library contained the following spells:

 Spells                   Type           Power      Damage    Failure   Level
 Slow                     Hex            0%         N/A       36%         1
 Confusing Touch          Hex            0%         N/A       75%         3
 Sigil of Binding         Hex            0%         N/A       75%         3
 Vampiric Draining        Necr           0%         2d6       75%         3
 Volatile Blastmotes      Fire/Tloc      0%         2d10      75%         3
 Animate Dead             Necr           0%         N/A       98%         4
 Fulminant Prism          Conj/Alch      0%         3d5       98%         4
 Iskenderun's Mystic Bla  Conj/Tloc      0%         2d3       98%         4
 Haunt                    Necr/Summ      0%         N/A       100%        7
 Infestation              Necr           0%         N/A       100%        8


Dungeon Overview and Level Annotations

Branches:
Dungeon (10/15)            Temple (1/1) D:5             Orc (0/2) D:9
  Sewer (visited)
   Lair: D:8-11

Altars:
Ashenzari
Cheibriados
Dithmenos
Fedhas
Gozag
Hepliaklqana
Kikubaaqudgha
Makhleb
Nemelex Xobeh
Okawaru
Qazlal
Ru
Sif Muna
Trog
Uskayaw
Vehumet
Wu Jian
Xom
Yredelemnul

Shops:
D:6 (   D:7 :

Annotations:
D:10 Snorg


Innate Abilities, Weirdness & Mutations

You are a hulking beast.
Your limbs bulge with bestial killing power. (Slay +4)
You have sharp fingernails.
You are mostly covered in yellow scales. (AC +3)
Your demonic aura sometimes causes spilled blood to erupt in flames.
You are mostly covered in sharp spines.
You have a pair of small antennae on your head.
You have an increased reservoir of magic. (+10% MP)


Message History

Found a stone staircase leading up and a stone staircase leading down.
There is an open door here.
Okay, then.
A wyvern comes into view.
There is a stone staircase leading down here.
Found a flail.
The wyvern bites you! x2
You claw the wyvern! Your claw misses the wyvern.
The wyvern is heavily wounded.
You claw the wyvern!
The wyvern is severely wounded.
The wyvern is struck by your spines.
You kill the wyvern!
Snorg the Insatiable comes into view.
Snorg shouts!
Found 19 gold pieces and 5 stones.
Snorg remarks, "Ah, I'm absolutely famished!"
Snorg goes berserk!
You claw Snorg!
Snorg is lightly wounded.
Snorg misses you. Snorg barely misses you. Snorg closely misses you.
You claw Snorg!
Snorg is lightly wounded.
Snorg bites you!! Snorg closely misses you. Snorg claws you but does no damage.
You claw Snorg!
Snorg is lightly wounded.
You closely miss Snorg.
Snorg is lightly wounded.
You are starting to lose your buoyancy.
Snorg is struck by your spines. Snorg bites you. Snorg barely misses you.
Snorg misses you.
You mangle Snorg!!
Snorg is moderately wounded.
Snorg is engulfed in blazing flames.
Snorg closely misses you. Snorg claws you!
* * * LOW HITPOINT WARNING * * *
Snorg claws you but does no damage.
You claw Snorg!
Snorg is heavily wounded.
Snorg is engulfed in blazing flames.
Snorg is struck by your spines. Snorg bites you!!
You die...

~.#+######.....#.....#
)..........<..'.....#
#............#.....#
+..........>.#<....#
#............#.....#
#.....##....########
#.....##....#
#+#.............
.......h☼........
........T○........
..................
...............
..............$
####+#####.(.## ...#
....


You could see Snorg (berserk).

Vanquished Creatures
  Harold (D:9)
  A two-headed ogre (D:8)
  Pikel (D:4)
  Maggie (D:8)
  A troll (D:9)
  A hornet (D:9)
  Sigmund (D:3)
  Eustachio (D:4)
  11 yaks
  2 steam dragons
  A wyvern (D:10)
  Menkaure (D:4)
  A water moccasin (D:4)
  2 black bears
  An ice beast (D:5)
  2 centaurs
  A lemure (D:4)
  A kobold brigand (D:6)
  3 phantoms
  5 bullfrogs
  A scorpion (D:4)
  3 wights (D:7)
  10 killer bees
  2 howler monkeys (D:7)
  A bombardier beetle (D:7)
  3 hounds
  A gnoll bouda (D:7)
  3 jellies
  5 iguanas
  3 orc wizards
  Natasha (thrice) (D:2)
  A howler monkey zombie (D:4)
  Robin (D:2)
  3 gnolls (D:7)
  8 adders
  2 river rats (D:5)
  A shadow imp (D:8)
  2 ufetubi (D:5)
  An adder skeleton (D:4)
  11 dart slugs
  3 ribbon worms
  13 orcs
  11 endoplasms
  9 giant cockroaches
  12 goblins
  11 hobgoblins
  8 jackals (D:1)
  10 kobolds
  4 quokkas
  17 ball pythons
  2 bats
  13 frilled lizards
  A quokka skeleton (D:4)
  8 rats
226 creatures vanquished.

Notes
Turn   | Place    | Note
-------+----------+-------------------------------------------
     0 | D:1      | solopath the Demonspawn Shapeshifter began the quest for
                  | the Orb.
     0 | D:1      | Reached XP level 1. HP: 15/15 MP: 1/1
    12 | D:1      | Found a faded altar of an unknown god.
   162 | D:1      | Reached skill level 3 in Unarmed Combat
   162 | D:1      | Gained mutation: You are partially covered in sharp spines.
                  | [demonic ancestry]
   162 | D:1      | Reached XP level 2. HP: 16/21 MP: 2/2
   496 | D:1      | Gained mutation: You are partially covered in yellow
                  | scales. (AC +2) [demonic ancestry]
   496 | D:1      | Reached XP level 3. HP: 26/26 MP: 3/3
   961 | D:2      | Noticed Robin
   977 | D:2      | Killed Robin
   978 | D:2      | Gained mutation: You are mostly covered in sharp spines.
                  | [demonic ancestry]
   978 | D:2      | Reached XP level 4. HP: 11/33 MP: 4/4
  1482 | D:2      | Noticed Natasha
  1490 | D:2      | Killed Natasha
  1491 | D:2      | Reached skill level 4 in Unarmed Combat
  1542 | D:2      | Noticed Natasha
  1549 | D:2      | Killed Natasha
  1550 | D:2      | Gained mutation: You are mostly covered in yellow scales.
                  | (AC +3) [demonic ancestry]
  1550 | D:2      | Reached XP level 5. HP: 30/39 MP: 5/5
  1676 | D:2      | Noticed Natasha
  1684 | D:2      | Killed Natasha
  2172 | D:3      | You fall into a shaft and drop 1 floor!
  2567 | D:3      | Noticed Sigmund
  2582 | D:3      | Killed Sigmund
  2583 | D:3      | Reached skill level 5 in Unarmed Combat
  2583 | D:3      | Reached XP level 6. HP: 27/47 MP: 6/6
  2968 | D:5      | Entered Level 5 of the Dungeon
  2982 | D:5      | Found a glowing drain.
  3014 | Sewer    | Entered a sewer
  3354 | Sewer    | Gained mutation: You have sharp fingernails. [demonic
                  | ancestry]
  3354 | Sewer    | Reached XP level 7. HP: 35/53 MP: 7/7
  3669 | D:5      | Found a staircase to the Ecumenical Temple.
  3690 | Temple   | Entered the Ecumenical Temple
  3705 | D:4      | Noticed Pikel
  3720 | D:4      | Killed Pikel
  3721 | D:4      | Reached skill level 6 in Unarmed Combat
  3721 | D:4      | Reached XP level 8. HP: 27/61 MP: 8/8
  3726 | D:4      | Noticed Eustachio
  4319 | D:4      | Reached skill level 7 in Unarmed Combat
  4320 | D:4      | Reached skill level 5 in Fighting
  4320 | D:4      | Reached skill level 5 in Shapeshifting
  4365 | D:4      | Found a transporter.
  4370 | D:4      | Found a basalt altar of Yredelemnul.
  4374 | D:4      | Noticed Menkaure
  4381 | D:4      | Found an ancient bone altar of Kikubaaqudgha.
  4398 | D:4      | Found a transporter.
  4488 | D:4      | Killed Eustachio
  4564 | D:4      | Killed Menkaure
  5065 | D:5      | Reached skill level 8 in Unarmed Combat
  5472 | D:6      | Reached XP level 9. HP: 55/69 MP: 9/9
  5628 | D:6      | Found Teidwuse's Weapon Shoppe.
  6154 | D:6      | Identified the +5 ring mail "Xogoschuf" {rC++ Int+4}
  6831 | D:7      | Found Irizi's Self-Improvement Boutique.
  6924 | D:7      | Reached skill level 9 in Unarmed Combat
  6945 | D:7      | Gained mutation: You have a pair of small antennae on your
                  | head. [potion of mutation]
  6945 | D:7      | Gained mutation: You have an increased reservoir of magic.
                  | (+10% MP) [potion of mutation]
  7787 | D:7      | Gained mutation: Your demonic aura sometimes causes spilled
                  | blood to erupt in flames. [demonic ancestry]
  7787 | D:7      | Reached XP level 10. HP: 61/79 MP: 11/11
  7978 | D:8      | Noticed a two-headed ogre
  7984 | D:8      | Killed a two-headed ogre
  7985 | D:8      | Reached skill level 10 in Unarmed Combat
  8365 | D:8      | Noticed Maggie
  8379 | D:8      | Killed Maggie
  9239 | D:9      | Reached skill level 11 in Unarmed Combat
  9305 | D:9      | Noticed Harold
  9325 | D:9      | Killed Harold
  9517 | D:9      | Found a staircase to the Orcish Mines.
  9743 | D:10     | Entered Level 10 of the Dungeon
  9757 | D:10     | Noticed Snorg
  9766 | D:10     | Slain by Snorg

Illustrated notes

Levels and vault maps discovered:
D:1:      nzn_arrival_settlement, layout_basic,
          shapermc_ecumenical_altar_pompeii
D:2:      layout_basic, basic_altar, uniq_natasha, uniq_robin
D:3:      layout_loops_corners, mainiacjoe_overflow_24_doors,
          ebering_dispersal_statue_hall, uniq_sigmund
D:4:      layout_basic, gammafunk_temple_of_torment, uniq_eustachio, uniq_pikel
D:5:      layout_basic, minmay_temple_entry_glass, portal_sewer_entry_c,
          hex_medium, bh_walls_and_bars
D:6:      layout_layer_cave, serial_shops, shop, serial_library_hellmonk_h_bend,
          nicolae_kite_square_tiling_tiny, minmay_misc_feat_cross
D:7:      layout_loops_ring, tso_oasis_becter, nicolae_shop_self_help
D:8:      layout_basic, nrook_campfire, uniq_maggie
D:9:      layout_rooms, orc_0_dummy, serial_glass, glass_columns_c,
          glass_columns_a, item_on_display_a, minmay_strange_pillars,
          uniq_harold
D:10:     layout_stronghold, serial_column_ruins, column_ruins_open_tiny,
          column_ruins_open_tiny, column_ruins_grid_1,
          column_ruins_corridor_corner, column_ruins_open_tiny, enter_bailey_3,
          uniq_snorg, uniq_lodul, uniq_grum, uniq_nergalle
Temple:   nicolae_temple_bog_church

Skill      XL: |  1  2  3  4  5  6  7  8  9 10 |
---------------+-------------------------------+-----
Unarmed Combat | 3 4 5 6 8 9 11 | 11.3
Shapeshifting  | 3 4 5 6 7 |  7.6
Fighting       | 2 3 4 5 7 |  7.1
Dodging        | 2 4 |  4.5

Action                     |  1- 3 |  4- 6 |  7- 9 | 10-12 || total
---------------------------+-------+-------+-------+-------++-------
  Melee: Unarmed           |    86 |   132 |   189 |    71 ||   478
         Punch             |       |       |    10 |     3 ||    13
    Use: Scroll            |       |       |    13 |     1 ||    14
         Potion            |       |       |    12 |     5 ||    17
   Stab: Sleeping          |       |     3 |     2 |       ||     5
 Armour: Animal skin       |    33 |    84 |   112 |    59 ||   288
         Skin              |       |       |     6 |       ||     6
  Dodge: Dodged            |    40 |    69 |    86 |    58 ||   253
